 Dungeon Crawl Stone Soup version 0.25.0-46-gbd7b0854d2 (webtiles) character file.

Game seed: 5763735205387326926

620 Aviak the Firebug (level 7, -13/51 HPs)
             Began as a Demonspawn Fire Elementalist on July 12, 2020.
             Was a Follower of Vehumet.
             Mangled by an orc warrior
             ... wielding a +0 long sword
              (17 damage)
             ... on level 5 of the Dungeon.
             The game lasted 00:07:57 (4843 turns).

Aviak the Firebug (Demonspawn Fire Elementalist)    Turns: 4843, Time: 00:07:57

Health: -13/51     AC:  5    Str:  9    XL:     7   Next: 22%
Magic:  4/13       EV: 11    Int: 16    God:    Vehumet [*.....]
Gold:   267        SH:  0    Dex: 13    Spells: 6/14 levels left

rFire    + . .     SeeInvis +   h - +1 spear (vorpal)
rCold    . . .     Gourm    .   (no shield)
rNeg     . . .     Faith    .   p - +0 leather armour
rPois    +         Spirit   .   f - +0 helmet
rElec    .         Reflect  .   (no cloak)
rCorr    .         Harm     .   k - +0 pair of gloves
MR       +....                  (no boots)
Stlth    ++........             (no amulet)
HPRegen  0.17/turn              P - ring of poison resistance
MPRegen  0.13/turn              (no ring)

@: very slightly contaminated
A: claws 1, see invisible, dopey 1, fire resistance 1, magic resistance 1,
powered by death 2
a: Renounce Religion


You were on level 5 of the Dungeon.
You worshipped Vehumet.
Vehumet was aware of your devotion.
You were hungry.

You visited 2 branches of the dungeon, and saw 6 of its levels.

You collected 267 gold pieces.

Inventory:

Hand Weapons
 b - a +0 dagger
 h - a +1 vorpal spear (weapon)
 m - a +0 rapier
Armour
 a - a +0 robe
 f - a +0 helmet (worn)
 k - a +0 pair of gloves (worn)
 p - a +0 leather armour (worn)
Jewellery
 P - a ring of poison resistance (left hand)
Wands
 q - a wand of flame (13)
Scrolls
 d - 2 scrolls of immolation {unknown}
 e - a scroll of noise {unknown}
 g - 3 scrolls of teleportation {unknown}
 r - 2 scrolls of remove curse
Potions
 j - a potion of mutation {!q}
 l - 2 potions of stabbing
Comestibles
 c - 7 rations


   Skills:
 + Level 2.3 Fighting
 + Level 1.4 Polearms
 - Level 1.7 Dodging
 - Level 1.7 Stealth
 - Level 4.0 Spellcasting
 - Level 4.0 Conjurations
 + Level 4.8 Fire Magic


You had 6 spell levels left.
You knew the following spells:

 Your Spells              Type           Power        Failure   Level  Hunger
a - Foxfire               Conj/Fire      ###.         4%          1    None
b - Conjure Flame         Conj/Fire      ###.....     12%         3    ###....
c - Sticky Flame          Conj/Fire      ###.....     36%         4    ####...

Your spell library contained the following spells:

 Spells                   Type           Power        Failure   Level  Hunger
 Shock                    Conj/Air       #...         11%         1    None
 Inner Flame              Hex/Fire       ##......     26%         3    ###....
 Fireball                 Conj/Fire      ###.......   73%         5    ######.


Dungeon Overview and Level Annotations

Branches:
Dungeon (5/15)             Temple (1/1) D:4

Altars:
Ashenzari
Cheibriados
Elyvilon
Fedhas
Gozag
Hepliaklqana
Kikubaaqudgha
Nemelex Xobeh
Okawaru
Ru
Sif Muna
Trog
Vehumet
Xom
Yredelemnul

Annotations:
D:3 3 runed translucent doors, Raspi's ghost, amateur MfSk


Innate Abilities, Weirdness & Mutations

You have sharp fingernails.
Your flesh is heat resistant. (rF+)
You regenerate health from kills.
You have supernaturally acute eyesight. (SInv)
You are dopey. (Int -2)
You are resistant to hostile enchantments. (MR+)


Message History

* * * LOW HITPOINT WARNING * * *
Evoke which item? (* to show all) (? for menu, Esc to quit)
Aiming: Throw Flame
Press: ? - help, Shift-Dir - straight line, f/p - orc warrior
Aim: an orc warrior, wielding a +0 long sword and wearing a +0 chain mail (heavily wounded)
The puff of flame hits the orc warrior but does no damage.
The orc warrior is heavily wounded.
The orc warrior hits you with a +0 long sword!
* * * LOW HITPOINT WARNING * * *
Unknown command.
Okay, then.
Evoke which item? (* to show all) (? for menu, Esc to quit)
Aiming: Throw Flame
Press: ? - help, Shift-Dir - straight line, f/p - orc warrior
Aim: an orc warrior, wielding a +0 long sword and wearing a +0 chain mail (heavily wounded)
The puff of flame misses the orc warrior.
The puff of flame hits the worker ant.
The worker ant is lightly wounded.
The orc warrior hits you with a +0 long sword!
You die...

#. #. #.##### #.....##
#.....## #......† ###
###....... #@# ..#.#.....
. #o# ..#.#..... .a #a#
#.#.#..### .a #.#
#.#.#..... #. #.#
#.#.##.### ###<. #.#
#.#....#..
......##.#######.######.#
.....................##.#
......##.......#.###.##..


You could see an orc warrior and a worker ant.

Vanquished Creatures
  2 sky beasts
  A scorpion (D:5)
  A hound (D:5)
  An orc priest (D:4)
  4 orc wizards
  Jessica (D:2)
  Terence (D:2)
  A hound skeleton (D:3)
  Robin (D:3)
  3 adders
  A howler monkey skeleton (D:5)
  2 worms
  3 dart slugs
  2 leopard geckos
  13 orcs
  9 bats
  6 giant cockroaches
  21 goblins
  7 hobgoblins
  4 jackals
  3 frilled lizards
  2 kobolds (D:2)
  9 rats
98 creatures vanquished.

Vanquished Creatures (others)
  251 foxfires
251 creatures vanquished.

Grand Total: 349 creatures vanquished

Notes
Turn   | Place    | Note
-------+----------+-------------------------------------------
     0 | D:1      | Aviak the Demonspawn Fire Elementalist began the quest for
                  | the Orb.
     0 | D:1      | Reached XP level 1. HP: 13/13 MP: 3/3
   216 | D:1      | Gained mutation: You regenerate a little health from kills.
                  | [demonic ancestry]
   216 | D:1      | Reached XP level 2. HP: 17/20 MP: 1/5
   539 | D:1      | Reached skill level 1 in Fighting
   802 | D:2      | Reached XP level 3. HP: 26/26 MP: 0/6
   876 | D:2      | Found a snail-covered altar of Cheibriados.
   881 | D:2      | Noticed Terence
   895 | D:2      | Killed Terence
   991 | D:2      | Noticed Jessica
   997 | D:2      | Killed Jessica
   997 | D:2      | Gained mutation: You regenerate health from kills. [demonic
                  | ancestry]
   997 | D:2      | Reached XP level 4. HP: 32/32 MP: 4/8
  1386 | D:2      | Found a bloodstained altar of Trog.
  1523 | D:3      | Noticed Robin
  1538 | D:3      | Gained mutation: You are dopey. (Int -2) [potion of
                  | mutation]
  1538 | D:3      | Gained mutation: You have supernaturally acute eyesight.
                  | (SInv) [potion of mutation]
  1538 | D:3      | Gained mutation: You are resistant to hostile enchantments.
                  | (MR+) [potion of mutation]
  1555 | D:3      | Killed Robin
  1916 | D:3      | Reached XP level 5. HP: 37/37 MP: 7/9
  1956 | D:3      | Found a runed translucent gate.
  1956 | D:3      | Found a runed translucent gate.
  1956 | D:3      | Found a runed translucent gate.
  1957 | D:3      | Noticed Raspi's ghost (amateur MfSk)
  1957 | D:3      | Identified the +5 short sword of Honour {pain, *Rage +Fly
                  | rElec}
  3312 | D:4      | Noticed a sky beast
  3319 | D:4      | Killed a sky beast
  3319 | D:4      | Gained mutation: Your flesh is heat resistant. (rF+)
                  | [demonic ancestry]
  3319 | D:4      | Reached XP level 6. HP: 43/43 MP: 4/11
  3489 | D:4      | Found a staircase to the Ecumenical Temple.
  3513 | D:4      | Found a blossoming altar of Fedhas.
  3528 | Temple   | Entered the Ecumenical Temple
  3743 | Temple   | Became a worshipper of Vehumet
  4147 | D:4      | Found a sparkling altar of Nemelex Xobeh.
  4147 | D:4      | Found an opulent altar of Gozag.
  4385 | D:4      | Learned a level 3 spell: Conjure Flame
  4390 | D:4      | Learned a level 4 spell: Sticky Flame
  4391 | D:5      | Entered Level 5 of the Dungeon
  4643 | D:5      | Noticed a sky beast
  4650 | D:5      | Killed a sky beast
  4650 | D:5      | Reached skill level 1 in Polearms
  4650 | D:5      | Gained mutation: You have sharp fingernails. [demonic
                  | ancestry]
  4650 | D:5      | Reached XP level 7. HP: 50/50 MP: 6/13
  4761 | D:5      | Reached * piety under Vehumet
  4761 | D:5      | Offered knowledge of Shock by Vehumet.
  4843 | D:5      | Mangled by an orc warrior

Illustrated notes

Levels and vault maps discovered:
D:1:      ebering_hopf_link, layout_rooms
D:2:      layout_rooms, cheibriados_altar_1, trog_book, uniq_jessica,
          uniq_terence
D:3:      layout_basic, gammafunk_ghost_nasty_kobolds, uniq_robin
D:4:      layout_loops_ring, grunt_temple_overflow_opulence, temple_fountains,
          fedhas_altar_4
D:5:      minmay_diamond_boxcup, layout_basic, gammafunk_temple_overflow_statue,
          serial_shops, shop, first_ration, chequers_serial_rivers_micro_e
Temple:   minmay_temple_curvy_loop

Skill      XL: |  1  2  3  4  5  6 |
---------------+-------------------+-----
Fighting       | 1 2 |  2.3
Fire Magic     | 3 4 |  4.8
Conjurations   | 2 3 4 |  4.0
Spellcasting   | 3 4 |  4.0
Polearms       | 1 |  1.4
Dodging        | |  1.7
Stealth        | |  1.7

Action                   |  1- 3 |  4- 6 |  7- 9 || total
-------------------------+-------+-------+-------++-------
Melee: Dagger            |    24 |    90 |       ||   114
       Unarmed           |     2 |       |       ||     2
       Rapier            |       |    37 |       ||    37
       Spear             |       |    19 |     8 ||    27
 Cast: Foxfire           |    40 |    97 |    14 ||   151
Evoke: Wand              |       |       |     2 ||     2
  Use: Potion            |       |     3 |     1 ||     4
       Scroll            |       |     3 |       ||     3
 Stab: Sleeping          |     1 |     7 |       ||     8
  Eat: Chunk             |     1 |    11 |       ||    12
Armor: Robe              |     8 |    40 |       ||    48
       Leather armour    |       |    19 |     2 ||    21
Dodge: Dodged            |    23 |   121 |     7 ||   151
